[Event "German Bundesliga 2022-23"]
[Site "Germany"]
[Date "2022.10.23"]
[Round "2.11"]
[White "Delchev, Aleksander"]
[Black "Amin, Bassem"]
[Result "0-1"]
[ECO "C49"]
[WhiteElo "2503"]
[BlackElo "2667"]
[Annotator "ChessBase"]
[PlyCount "114"]
[EventDate "2022.10.21"]
[EventType "team-tourn"]
[EventCountry "GER"]
[SourceTitle "playchess.com"]
[Source "ChessBase"]
[SourceQuality "1"]
[TimeControl "40/6000+30:3000+30"]

1. e4 e5 2. Nf3 Nc6 3. Nc3 Nf6 4. Bb5 Bb4 5. O-O O-O 6. d3 Bxc3 7. bxc3 d6 8. Bg5 Qe7 9. Re1 Nd8 10. d4 Ne6 11. Bd2 c5 12. a4 Nc7 13. Bd3 Bg4 14. h3 Bh5 15. d5 h6 16. c4 Nh7 17. g4 Bg6 18. Kg2 Na6 19. c3 Rac8 20. Rh1 Nb8 21. Qe2 Nd7 22. Nh2 Rfe8 23. Nf1 Nhf8 24. h4 Bh7 25. h5 Rb8 26. Ng3 f6 27. a5 Rec8 28. Rhb1 Qd8 29. Be3 Rc7 30. Bc2 b6 31. a6 Qe7 32. f3 Re8 33. Ba4 Qd8 34. Bb5 Re7 35. Kf2 Qb8 36. Rg1 Kh8 37. Qd2 Qd8 38. Rg2 Nb8 39. Rag1 Bg8 40. Nf5 Nh7 41. Bxh6 gxh6 42. Qxh6 Rg7 43. Nh4 Bf7 44. Ng6+ Kg8 45. g5 fxg5 46. Rxg5 Bxg6 47. hxg6 Nxg5 48. Rxg5 Qf6 49. Be8 Qf4 50. Bf7+ Rcxf7 51. gxf7+ Qxf7 52. Rh5 Qg6 53. Qh8+ Kf7 54. Rf5+ Ke7 55. Qf8+ Kd7 56. Ke3 Kc7 57. Kd3 Rd7 0-1

[Event "German Bundesliga 2022-23"]
[Site "Germany"]
[Date "2022.10.23"]
[Round "2.12"]
[White "Meier, Georg"]
[Black "Stojanovic, Dalibor"]
[Result "1/2-1/2"]
[ECO "A49"]
[WhiteElo "2613"]
[BlackElo "2472"]
[Annotator "TA"]
[PlyCount "157"]
[EventDate "2022.10.21"]
[EventType "team-tourn"]
[EventCountry "GER"]
[SourceTitle "playchess.com"]
[Source "ChessBase"]
[SourceQuality "1"]
[TimeControl "40/6000+30:3000+30"]

1. Nf3 Nf6 2. g3 g6 3. Bg2 Bg7 4. O-O O-O 5. d4 d6 6. b3 a5 7. c4 a4 8. b4 e5 9. Nc3 Nc6 10. dxe5 $1 dxe5 11. b5 Nd4 12. Ba3 Re8 $1 13. Rc1 Bg4 14. Re1 Bh6 (14... c6 {is interesting.} 15. Bc5 Bh6 16. e3 Bxf3 17. Bxf3 Nxf3+ 18. Qxf3 e4) 15. e3 Nxf3+ (15... e4 {seems wilder.} 16. Qxd4 Bxf3 17. Nd5 Nxd5 18. cxd5 Bg7) 16. Bxf3 Bxf3 17. Qxf3 e4 18. Qd1 Bg7 19. Qxd8 $1 Raxd8 20. Red1 $1 c6 21. Rxd8 (21. Nxa4 $2 Ra8 22. Nc5 Rxa3 $17) 21... Rxd8 22. Be7 (22. Nxa4 $2 Ra8 23. Rd1 h5 $19) 22... Rc8 23. Rd1 cxb5 24. cxb5 Ne8 (24... a3 $16) 25. Nxa4 $18 (25. Nxe4 $6 f5 $16) 25... f5 26. Bb4 Nf6 (26... Bf6 $16 27. Kg2 Rd8 28. Rxd8 Bxd8) 27. h3 (27. Nb6 $18 Rc7 28. a4) 27... Bf8 $2 (27... Ra8 $16) 28. Nb6 $1 $18 Re8 29. Bc3 Kf7 30. a4 Bc5 31. Nc4 Rc8 (31... Ke6 $142 32. Na5 b6) 32. Bxf6 ({Resist} 32. Rd6 $6 Ne8 33. Ne5+ (33. Rd7+ Ke6 $11) 33... Kg8) 32... Kxf6 {[%emt 0:00:03] [#]} 33. Rd7 (33. Nb6 $1 $18 Bxb6 34. Rd6+ Ke5 35. Rxb6) 33... Bb4 $14 34. Nb6 Rc1+ 35. Kg2 Be1 36. a5 (36. Rxb7 $16 {Nd5+ is the strong threat.} Rc2 37. Kf1 (37. Rxh7 Bxf2 38. Rc7 Ra2 $16) 37... Bxf2 38. Rxh7) 36... Bxa5 $11 37. Rxb7 Bxb6 (37... Rc2 $11) 38. Rxb6+ $16 Kg5 (38... Ke5 $16 {is a better defense.} 39. Rb7 Rb1) 39. Rb7 $18 h5 40. b6 Rb1 41. Rb8 Kh6 42. b7 Kg7 43. g4 $1 h4 (43... hxg4 $142 44. hxg4 Kh7) 44. gxf5 $18 gxf5 {[%emt 0:00:06] [#]} 45. f4 $2 (45. Kh2 $1 $18) 45... exf3+ $1 $11 46. Kxf3 (46. Kf2 $5 Rb6 47. Kxf3 $18) 46... Rb4 47. Ke2 (47. e4 $5 fxe4+ 48. Kf4 $11) 47... Rb3 48. Kd2 Kh7 49. Kc2 Rb6 50. Kc3 Kg7 51. Kd4 Rb3 52. Kd5 Kh7 $1 53. Kc4 Rb1 54. Kd3 Kg7 55. Ke2 Rb2+ 56. Kd1 Kh7 57. Kc1 Rb6 58. Kc2 Kg7 59. Kc3 Rb1 60. Kd4 $2 (60. Kd3 $11 Rb5 61. Kc4) 60... Rb3 $18 61. Kd5 Kh7 $1 62. Rf8 $2 (62. Kc6 $18 {White wants to mate with Rc8.} Rc3+ 63. Kd6 Rd3+ 64. Kc7 Rc3+ 65. Kd7) 62... Rxb7 $11 63. Rxf5 (63. Rf6 $5 ) 63... Kg6 64. Rf4 Kg5 65. Ke4 Rb4+ 66. Kf3 Rb1 67. Kg2 Rb2+ 68. Rf2 Rb3 69. Kf3 Rb1 70. Ra2 Rf1+ 71. Kg2 Re1 72. Ra5+ Kf6 73. Ra3 Ke5 74. Rd3 Kf5 75. Kf3 Rg1 76. e4+ Ke5 77. Rd5+ (77. Kf2 $5 Kxe4 78. Kxg1 Kxd3 79. Kh2 $11) 77... Ke6 78. Rd3 Ke5 79. Rd5+ 1/2-1/2

[Event "German Bundesliga 2022-23"]
[Site "Germany"]
[Date "2022.10.23"]
[Round "2.12"]
[White "Warmerdam, Max"]
[Black "Van Foreest, Lucas"]
[Result "1/2-1/2"]
[ECO "D37"]
[WhiteElo "2612"]
[BlackElo "2568"]
[Annotator "TA"]
[PlyCount "54"]
[EventDate "2022.10.21"]
[EventType "team-tourn"]
[EventCountry "GER"]
[SourceTitle "playchess.com"]
[Source "ChessBase"]
[SourceQuality "1"]
[TimeControl "40/6000+30:3000+30"]

1. d4 d5 2. c4 e6 3. Nf3 Nf6 4. Nc3 Be7 5. Bf4 O-O 6. e3 c5 7. dxc5 Bxc5 8. a3 Nc6 9. cxd5 Nxd5 10. Nxd5 exd5 11. Rc1 {[%emt 0:13:45] D37: Queen's Gambit Declined: 5 Bf4.} Bd6 12. Bxd6 Qxd6 13. Be2 {[%emt 0:08:50] White is slightly better.} Qf6 14. b4 {[%emt 0:08:25] [#]} Rd8 $146 ({Predecessor:} 14... Qb2 15. b5 Na5 16. O-O Qxa3 17. Qxd5 Be6 18. Qe4 Qe7 19. Nd4 Rfe8 20. Qf4 Rac8 21. Rxc8 Rxc8 22. Nxe6 fxe6 {1-0 (36) Milanovic,S (2370)-Markovic,Z (2351) Valjevo 2010}) 15. Nd4 (15. b5 $5 Ne5 16. O-O $14) 15... Bd7 {[%emt 0:00:27] The position is equal.} 16. O-O Nxd4 17. Qxd4 Qxd4 18. exd4 Rac8 19. Rc5 Kf8 20. Rxd5 b6 21. Ba6 Ba4 22. Rh5 Rc3 23. Rxh7 Rxd4 24. Re1 {[%emt 0:02:57][%cal Rh7h8] [#]} g6 25. Rh3 Rxh3 26. gxh3 Bc6 27. Bf1 Rd5 {[%emt 0:02:51] Weighted Error Value: White=0.05 (flawless) /Black=0.06 (flawless)} 1/2-1/2

[Event "German Bundesliga 2022-23"]
[Site "Germany"]
[Date "2022.10.23"]
[Round "2.12"]
[White "Kaasen, Tor Fredrik"]
[Black "Kozul, Zdenko"]
[Result "0-1"]
[ECO "B67"]
[WhiteElo "2445"]
[BlackElo "2549"]
[Annotator "TA"]
[PlyCount "116"]
[EventDate "2022.10.21"]
[EventType "team-tourn"]
[EventCountry "GER"]
[SourceTitle "playchess.com"]
[Source "ChessBase"]
[SourceQuality "1"]
[TimeControl "40/6000+30:3000+30"]

1. e4 c5 2. Nf3 d6 3. d4 cxd4 4. Nxd4 Nf6 5. Nc3 Nc6 6. Bg5 e6 7. Qd2 a6 8. O-O-O Bd7 9. Kb1 Rc8 {[%emt 0:04:28] B67: Sicilian: Richter-Rauzer: 7...a6 8 0-0-0 Bd7, lines without 9 f4 Be7.} 10. Nxc6 Bxc6 11. f3 Be7 {[%emt 0:03:27] White has an edge.} 12. h4 h6 13. Be3 h5 14. Bg5 b5 15. Ne2 Qc7 16. Nd4 Bd7 {[%emt 0:00:23] [#]} 17. Rc1 $146 ({Predecessor:} 17. Be2 Qc5 18. Nb3 Qc7 19. Rc1 Qb8 20. Rhd1 Bc6 21. Nd4 Bd7 22. Qa5 Qb7 23. Nb3 {1-0 (62) Kamsky,G (2665)-Mohammad Fahad,R (2321) Chess.com INT 2021}) 17... O-O 18. Bd3 e5 19. Ne2 Be6 20. f4 Bg4 21. c4 Qb7 {[%emt 0:05:56] White must now prevent ...bxc4.} 22. Qe3 b4 (22... bxc4 $17 23. Bxc4 Qxe4+ 24. Qxe4 Nxe4 25. Bxe7 Rfe8 26. fxe5 Nd2+ 27. Ka1 dxe5 28. Bxf7+ Kxf7) 23. Ng3 Rfe8 (23... a5 {seems wilder.} 24. Nf5 Bxf5 25. exf5 b3) 24. f5 a5 (24... Nd7 $11) 25. Be2 $16 Bxe2 (25... Qa6 $14) 26. Qxe2 g6 27. Qf3 (27. fxg6 $16 fxg6 28. b3) 27... Ng4 $11 28. Rhd1 Bf8 (28... Red8 $15) 29. Nf1 a4 30. Rd5 Qa6 (30... Rc5 $11 {deserves consideration.}) 31. Nd2 (31. fxg6 $14 fxg6 32. Qd3) 31... Qa7 (31... gxf5 $11 32. Qxf5 Bg7) 32. Nf1 Qa6 33. Qd3 gxf5 34. exf5 ({Better is} 34. Ng3 $1 $16 ) 34... f6 (34... e4 $11 35. Qe2 Be7) 35. Bd2 $16 e4 36. Qd4 Ne5 37. Rb5 (37. Ne3 $16) 37... Kh7 (37... Nxc4 $11 38. Qd5+ Kh8 39. Rxc4 Re5) 38. Qxe4 ({White should play} 38. Qd5 $1 $16) 38... Nxc4 $11 39. Qb7+ Qxb7 {[%emt 0:00:07] Really sharp!} 40. Rxb7+ Kg8 41. Rxb4 Re4 $36 {[%emt 0:05:26][%mdl 2048] Black has good play.} 42. Rb5 (42. a3 $11 {remains equal.}) 42... Rxh4 $17 {[%emt 0:12:55] Black is more active.} 43. Bc3 ({White should try} 43. Bb4 $15) 43... Bh6 44. Re1 {[%emt 0:02:48] [#] Loses the game.} (44. Bxf6 {gets mated.} Na3+ $1 45. bxa3 Rxc1+ 46. Kb2 Rhc4) (44. Rd1 $17 {only move.}) 44... Rh1 $1 $19 {[%emt 0:01:39][%cal Oh6d2] aiming for ...Bd2!} 45. Rd1 {[%emt 0:04:37][%cal Of1e3] [#]} Rg1 $1 46. g3 {[%emt 0:04:51] [#]} Na3+ $1 47. bxa3 Rxc3 48. Rb8+ Bf8 49. Kb2 Rf3 50. Nd2 $2 (50. Ne3 Rxd1 51. Nxd1) 50... Rg2 51. Kc1 Rc3+ ({And not} 51... Rfxg3 52. Ne4 Rf3 53. Nxf6+ Kf7 54. Ne4 Rxf5 55. Nxd6+ Bxd6 56. Rxd6 $19) 52. Kb1 Rd3 ({Weaker is} 52... Rcxg3 53. Ne4 Rg1 54. Nxg3 Rxd1+ 55. Kc2 $15) 53. Kc1 d5 {[%emt 0:01:17] Against Ne4. Black is clearly winning.} 54. Re1 Kg7 55. Nb1 Bc5 {[%emt 0:00:34] Strongly threatening ...Be3+.} 56. Rb2 Be3+ 57. Rxe3 Rg1+ 58. Kc2 Rxe3 {[%emt 0:00:06] Weighted Error Value: White=0.52/Black=0.19 (very precise)} 0-1

[Event "German Bundesliga 2022-23"]
[Site "Germany"]
[Date "2022.10.23"]
[Round "2.13"]
[White "Dautov, Rustem"]
[Black "Seyb, Alexander"]
[Result "1/2-1/2"]
[ECO "A49"]
[WhiteElo "2592"]
[BlackElo "2441"]
[Annotator "TA"]
[PlyCount "131"]
[EventDate "2022.10.21"]
[EventType "team-tourn"]
[EventCountry "GER"]
[SourceTitle "playchess.com"]
[Source "ChessBase"]
[SourceQuality "1"]
[TimeControl "40/6000+30:3000+30"]

1. d4 Nf6 2. c4 g6 3. Nf3 Bg7 4. g3 c6 5. Bg2 d5 6. O-O O-O 7. b3 dxc4 8. bxc4 c5 9. Bb2 Qb6 10. Qc1 cxd4 11. Nxd4 Nc6 {[%emt 0:00:43] A49: 1 d4 Nf6 2 Nf3 g6 3 g3: Anti-King's Indian systems.} 12. Nxc6 bxc6 13. Nd2 Bf5 14. Nb3 Rfd8 15. Be5 a5 {[%emt 0:17:28] [#]} 16. e3 $146 ({Predecessor:} 16. c5 Qa6 17. Qb2 Qb7 18. Qa3 Be4 19. Rfd1 Rxd1+ 20. Rxd1 Bxg2 21. Kxg2 Qb4 22. Qxb4 axb4 {½-½ (30) Harikrishna,P (2758)-Svidler,P (2741) Shenzhen 2017}) 16... Be4 17. f3 Bd3 18. Rd1 {[%emt 0:02:59] [#]} (18. c5 $11 Qb4 19. Rd1) 18... Bxc4 $1 $15 {[%emt 0:01:56] aiming for ...Rxd1+.} 19. Rxd8+ Rxd8 20. Bd4 Qb5 21. Nc5 (21. Rb1 $15 Bxb3 22. Rxb3) 21... Nd5 22. Rb1 Bxd4 $1 23. exd4 {[%emt 0:01:21] [#]} Nc3 24. Rxb5 Ne2+ 25. Kf2 Nxc1 26. Rxa5 Nxa2 27. Ra4 Bd5 (27... Rxd4 28. Bf1 Bxf1 29. Rxd4 $16) 28. Ra7 Nb4 (28... Nc3 $17 29. Bf1 (29. Rxe7 Ra8 $17) 29... Rb8) 29. Rxe7 Nc2 30. Rd7 (30. f4 $11) 30... Rxd7 31. Nxd7 {[%emt 0:00:02][%mdl 4096] Endgame KBN-KBN} Kg7 {[%emt 0:02:19] Prevents Nf6.} ({But not} 31... Nxd4 32. Nf6+ Kf8 33. Nxd5 cxd5 34. f4 $11) 32. Nb6 Be6 ({Don't play} 32... Nxd4 $6 33. Nxd5 cxd5 34. f4 $11) (32... Kf6 $1 $17) 33. f4 Nxd4 34. Na4 Bb3 ({Black should play} 34... Kf6 $17) 35. Nc5 $11 Bd5 36. Bf1 (36. Bxd5 $11 cxd5 37. Nd7) 36... Ne6 $17 37. Nxe6+ Bxe6 {[%emt 0:03:53] KB-KB} 38. Ke3 c5 $1 39. Ke4 Kf6 40. Bb5 Ke7 {[%emt 0:01:26] And now ...Kd6 would win.} 41. Ke5 f6+ 42. Ke4 Kd6 {[%emt 0:00:38] Strongly threatening ...Bf5+.} 43. Kd3 Bf5+ 44. Kc4 Bh3 {[%emt 0:00:00] ...Bf1+ is the strong threat.} 45. Ba4 $2 (45. Kc3 $17) 45... Bf1+ $1 $19 46. Kc3 Kd5 {[%emt 0:00:00] Hoping for ...Ke4.} 47. Bc2 Bh3 $2 (47... Be2 $19 {has better winning chances.} 48. Bb1 Bb5) 48. Bd1 $17 Ke4 (48... Bf5 $17) 49. Kc4 $11 Ke3 50. Kxc5 Kf2 51. Kd4 (51. Kd6 $11) 51... Kg2 (51... h5 $1 $17) 52. Ke3 $2 (52. g4 $11) 52... Kxh2 53. Kf2 Bg2 54. Bc2 Bd5 55. Bd3 f5 (55... Be6 $19 {Threatens to win with ...Bf5.} 56. Bb5 Bg4) 56. Be2 Be4 57. g4 fxg4 58. Bxg4 {[%emt 0:00:00] [#]} Bf5 $1 {[%emt 0:00:00] Prevents Be6.} 59. Bf3 {[%emt 0:00:00] [#]} Kh3 $1 60. Be2 Kh4 61. Bf3 h6 (61... Bd7 $17 62. Kg2 Bh3+ 63. Kh2 Bg4) 62. Be2 Kh3 63. Bf3 Bg4 {[%emt 0:00:00] ( -> ...Bxf3)} 64. Bd5 g5 (64... h5 $15) 65. fxg5 hxg5 66. Kg1 {[%emt 0:00:08] Weighted Error Value: White=0.40/Black=0.33} 1/2-1/2

[Event "German Bundesliga 2022-23"]
[Site "Germany"]
[Date "2022.10.23"]
[Round "2.13"]
[White "Edouard, Romain"]
[Black "Andersen, Mads"]
[Result "0-1"]
[ECO "A34"]
[WhiteElo "2554"]
[BlackElo "2604"]
[Annotator "TA"]
[PlyCount "118"]
[EventDate "2022.10.21"]
[EventType "team-tourn"]
[EventCountry "GER"]
[SourceTitle "playchess.com"]
[Source "ChessBase"]
[SourceQuality "1"]
[TimeControl "40/6000+30:3000+30"]

1. c4 c5 2. Nf3 Nf6 3. Nc3 d5 4. cxd5 Nxd5 5. e3 e6 6. d4 Nc6 7. Bb5 cxd4 8. exd4 Bb4 9. Bd2 O-O {[%emt 0:00:43] B14: Caro-Kann: Panov-Botvinnik Attack with 5...e6 and 5...g6.} 10. O-O Nce7 11. a3 Bd6 {[%emt 0:12:52] The position is equal.} 12. Bd3 {[%emt 0:02:03] [#]} b6 $146 ({Predecessor:} 12... Bd7 13. Ng5 Nf6 14. Nce4 Nxe4 15. Nxe4 Bc6 16. Re1 Bxe4 17. Bxe4 Qb6 18. Qf3 Rfd8 {1-0 (60) Rausis,I (2495)-Pogorelov,R (2450) Las Palmas 1996}) 13. Re1 Bb7 14. Ne4 Bf4 15. Rc1 Nf5 16. Bb1 Rc8 17. Bxf4 Nxf4 18. Qd2 Rxc1 19. Rxc1 e5 {[%emt 0:04:17] Black is more active.} (19... Ng6 $15) 20. g3 $1 $11 (20. Nxe5 $2 Nxd4 $1 21. Rd1 Nde2+ 22. Kf1 Qh4 $19) (20. dxe5 $2 Qxd2 21. Nexd2 Ne2+ 22. Kf1 Nxc1 $19) 20... Bxe4 21. Bxe4 Nxd4 22. Nxd4 Qxd4 {[%emt 0:00:13][%mdl 64] Remove Defender} 23. Qxd4 Ne2+ 24. Kg2 {[%emt 0:00:45][%cal Oe4h7] Threatens to win with Bxh7+!} Nxd4 {[%emt 0:00:10][%mdl 4096] Endgame KRB-KRN} 25. Rc7 a5 (25... f5 $5 26. Bd5+ Kh8 $14) 26. Rb7 b5 (26... f5 $5 27. Bd5+ Kh8 $11) 27. Bd3 Rc8 28. Bxb5 f5 29. b3 Rc2 (29... Kf8 $1 $11) 30. Bc4+ $14 Kf8 31. Rf7+ Ke8 {[%emt 0:00:38][%cal Oc2c4] White must now prevent ...Rxc4!} 32. Ra7 $1 ({Reject} 32. Rxg7 a4 $11) 32... e4 33. Rxa5 {[%emt 0:00:05] Hoping for Rd5.} ({But not} 33. Rxg7 $2 e3 34. Kh1 (34. Rxh7 $2 Rxf2+ 35. Kg1 Nf3+ 36. Kh1 e2 $19) 34... Rxf2 $19) 33... g6 34. Re5+ (34. g4 $1 $16) 34... Kf8 $11 35. g4 {[%emt 0:15:39] And now gxf5 would win.} Nf3 36. Re6 Rc1 (36... Ng5 $5 37. Re5 $8 Nf3 $11) 37. Kg3 $2 (37. Bf1 $1 $11 {and White has nothing to worry.}) 37... Rg1+ $19 38. Kf4 Rxg4+ 39. Ke3 f4+ $1 40. Kxe4 Ng5+ 41. Ke5 Nxe6 42. Bxe6 {[%emt 0:00:01] KR-KB} Rg2 43. Kxf4 Rxf2+ 44. Kg3 Ra2 45. a4 Ke7 46. Bg8 Kf6 47. h4 h6 48. Bc4 g5 $2 (48... h5 $19 {aiming for ...g5.} 49. Kf4 Ra1) 49. hxg5+ $2 {[%emt 0:00:00][%mdl 8192] White does not recover from this.} (49. Kg4 $15) 49... Kxg5 50. Bd5 h5 51. Bc4 h4+ 52. Kh3 Rc2 {[%emt 0:00:00] ( -> ...Rc3+)} 53. a5 (53. Be6 $19) 53... Rc3+ {[%emt 0:00:00] Black mates.} 54. Kh2 {[%emt 0:00:00] [#]} h3 $1 55. a6 {[%emt 0:00:00] [#]} Kh4 $1 56. Bd5 Rc2+ 57. Kg1 Ra2 58. b4 Rxa6 59. b5 Rf6 {[%emt 0:00:00] Weighted Error Value: White=0.53/Black=0.12 (very precise)} 0-1

[Event "German Bundesliga 2022-23"]
[Site "Germany"]
[Date "2022.10.23"]
[Round "2.13"]
[White "Bogosavljevic, Boban"]
[Black "Fedorchuk, Sergey A."]
[Result "1/2-1/2"]
[ECO "A37"]
[WhiteElo "2533"]
[BlackElo "2619"]
[Annotator "TA"]
[PlyCount "174"]
[EventDate "2022.10.21"]
[EventType "team-tourn"]
[EventCountry "GER"]
[SourceTitle "playchess.com"]
[Source "ChessBase"]
[SourceQuality "1"]
[TimeControl "40/6000+30:3000+30"]

1. Nf3 c5 2. c4 Nc6 3. g3 g6 4. Bg2 Bg7 5. Nc3 e5 6. O-O Nge7 7. a3 O-O {[%emt 0:05:59] A37: Symmetrical English vs ...g6: 4 Bg2 Bg7 5 Nf3.} 8. b4 d5 9. bxc5 (9. cxd5 {seems wilder.} Nxd5 10. Nxd5 Qxd5 11. Ng5) 9... dxc4 10. Rb1 {[%emt 0:01:15] [#]} Qa5 $146 ({Predecessor:} 10... Na5 11. d3 cxd3 12. exd3 Bg4 13. h3 Bd7 14. Bg5 h6 15. Be3 Bc6 16. Qe2 Nf5 {1-0 (60) Georgiev,K (2645)-Jobava,B (2664) Barcelona 2008}) 11. Ng5 Qxc5 (11... f5 $15) 12. a4 $1 $11 Nd4 (12... Qd6 $11) 13. Nge4 $1 $16 {[%emt 0:00:21][%mdl 1024] White has strong compensation.} Qc7 14. Ba3 f5 {[%emt 0:11:46] [#]} (14... b6 $14) 15. Nd6 $1 e4 16. d3 (16. e3 $18 Nf3+ 17. Bxf3 exf3 18. Ncb5 (18. Qxf3 Rd8 $16)) 16... cxd3 17. Ncb5 (17. Ndb5 $16 Nxb5 18. Nxb5) 17... Nxb5 (17... Nxe2+ $11 18. Qxe2 dxe2 19. Nxc7 exf1=N 20. Bxf1 Rb8) 18. Nxb5 Qe5 19. exd3 a6 20. Bb2 ({Don't play} 20. d4 $6 Qf6 21. Nc7 Rb8 $14) (20. Nd6 $18) 20... Qc5 $1 $14 {[%emt 0:00:37] White must now prevent ...Bxb2.} 21. Rc1 Qb6 22. Bxg7 {[%emt 0:00:07] Dancing on a razor blade.} Kxg7 23. Nc7 $36 {[%emt 0:00:12][%mdl 2048] White has good play.} Rb8 24. dxe4 f4 ({Black should try} 24... fxe4 25. Qc2 Qf6) 25. a5 (25. Rc4 $142) 25... Qf6 $2 {[%emt 0:00:29] [#]} (25... Qxa5 $16 {is a better defense.} 26. gxf4 Nc6) 26. e5 $1 $18 ({Weaker is} 26. Nd5 Nxd5 27. exd5 (27. Qxd5 f3 $14) 27... Qd6 $16) 26... Qxe5 (26... Qf7 {might work better.} 27. Qd6 Bf5 28. gxf4 Kh8) 27. Re1 Qf6 28. Qd2 $2 (28. Qe2 $18 {and the rest is easy.}) 28... fxg3 (28... Kh8 $16) 29. hxg3 Bf5 (29... Kh8 {was worth a try.} 30. Rb1 Bd7) 30. Qb4 $2 (30. Qe3 $18) 30... Nc6 $14 31. Qc5 (31. Qb6 $5 ) 31... Kh8 32. Nxa6 bxa6 (32... Rbc8 $11 33. Qb6 Nxa5 34. Qxf6+ Rxf6 35. Rxc8+ Bxc8) 33. Qxc6 Bd3 34. Qxf6+ (34. Qc5 {is more complex.} Rf7 35. Rcd1 Rb3 36. Re5) 34... Rxf6 35. Re7 {[%emt 0:00:49] Inhibits Rf7.} g5 36. Bb7 Rbf8 37. f3 R8f7 38. Rcc7 Rxe7 39. Rxe7 $11 {[%emt 0:00:05][%mdl 4096] Endgame KRB-KRB} Bb5 (39... h6 $11) 40. Be4 $16 h6 41. Rc7 {[%emt 0:02:19] Inhibits Bc6.} Kg8 42. Kf2 Rd6 43. Ke3 Kf8 44. g4 Ke8 45. Bf5 Kd8 46. Ra7 Rd1 47. Be4 (47. Rh7 $5 ) 47... Rd6 (47... Ra1 $11) 48. Rg7 Be8 49. Rh7 {[%emt 0:01:38] White is more active.} Bd7 50. Bd3 Re6+ 51. Kd4 Rd6+ 52. Ke3 Re6+ 53. Be4 Rd6 54. Rh8+ Ke7 55. Rb8 ({White should play} 55. Bb7 $1 $14) 55... Bb5 $11 56. Bf5 Kf6 57. Rh8 Ke5 58. Be4 Bc6 59. Rb8 Bb5 60. Rf8 Rd1 61. Rh8 Rd6 62. Rh7 Rf6 63. Rc7 Rd6 64. Rc5+ Kf6 65. Rf5+ Ke6 {[%emt 0:00:06] The position is equal.} 66. f4 gxf4+ 67. Kxf4 Rd4 68. Ke3 Ra4 69. Rh5 Rxa5 70. Rxh6+ Ke5 {[%emt 0:00:39] ...Ra3+ is the strong threat.} 71. Rh5+ Ke6 72. Kf4 Ra1 73. Rh6+ Ke7 74. Ke5 Re1 75. Rh7+ Kd8 76. Kd4 {[%emt 0:00:53] Prevents Bd3.} Rd1+ 77. Kc5 Rd7 78. Rh8+ Ke7 79. g5 Ke6 80. Rf8 Bd3 81. Bc6 Rg7 82. Re8+ Kf5 83. Kd4 Bb5 84. Re5+ Kf4 85. Bxb5 axb5 86. Rxb5 Rxg5 87. Rxg5 Kxg5 {[%emt 0:00:02] White really could win this.  Weighted Error Value: White=0.30/Black=0.32} 1/2-1/2

[Event "German Bundesliga 2022-23"]
[Site "Germany"]
[Date "2022.10.23"]
[Round "2.14"]
[White "Van Wely, Loek"]
[Black "Hracek, Zbynek"]
[Result "1/2-1/2"]
[ECO "A20"]
[WhiteElo "2629"]
[BlackElo "2542"]
[Annotator "ChessBase"]
[PlyCount "71"]
[EventDate "2022.10.21"]
[EventType "team-tourn"]
[EventCountry "GER"]
[SourceTitle "playchess.com"]
[Source "ChessBase"]
[SourceQuality "1"]
[TimeControl "40/6000+30:3000+30"]

1. c4 e5 2. g3 Nf6 3. Bg2 Bc5 4. Nc3 c6 5. e4 d5 6. exd5 cxd5 7. cxd5 Bf5 8. d3 Qb6 9. Qe2 O-O 10. Nf3 Qa6 11. Ne4 Nbd7 12. Nh4 Bg4 13. f3 Bh5 14. Bh3 Rad8 15. Bd2 Bb6 16. Bxd7 Nxd7 17. Nf5 Nc5 18. Nxc5 Bxc5 19. Rc1 Bg6 20. Rxc5 Bxf5 21. Ra5 Qg6 22. Bb4 Rfe8 23. d6 Bxd3 24. Qe3 e4 25. f4 Rxd6 26. Rg5 Qh6 27. Bxd6 Qxd6 28. Qc5 Qd7 29. Qc3 g6 30. Re5 Rc8 31. Rc5 Re8 32. h3 e3 33. Rh2 e2 34. Re5 Rc8 35. Rc5 Re8 36. Re5 1/2-1/2

[Event "German Bundesliga 2022-23"]
[Site "Germany"]
[Date "2022.10.23"]
[Round "2.14"]
[White "Braun, Arik"]
[Black "Popovic, Dusan"]
[Result "1/2-1/2"]
[ECO "E71"]
[WhiteElo "2597"]
[BlackElo "2486"]
[Annotator "TA"]
[PlyCount "42"]
[EventDate "2022.10.21"]
[EventType "team-tourn"]
[EventCountry "GER"]
[SourceTitle "playchess.com"]
[Source "ChessBase"]
[SourceQuality "1"]
[TimeControl "40/6000+30:3000+30"]

1. d4 Nf6 2. c4 g6 3. Nc3 Bg7 4. e4 d6 5. h3 Nbd7 6. Be3 {[%emt 0:07:09] E71: King's Indian: 4 e4 d6 5 h3.} e5 7. d5 h5 {[%emt 0:00:06] [#]} 8. g3 $146 {[%emt 0:05:07] White is more active. White is better.} ({Predecessor:} 8. Bd3 Bh6 9. Bxh6 Rxh6 10. Qd2 Rh8 11. Nge2 Kf8 12. O-O Kg7 13. f4 exf4 14. Rxf4 {0-1 (49) Andreikin,D (2729)-Tabatabaei,M (2664) Chess.com INT 2022}) 8... Bh6 9. Bxh6 Rxh6 10. Qd2 Rh8 11. h4 Nc5 12. Bg2 a5 13. O-O-O Bd7 14. f3 Qb8 15. Bh3 Ba4 16. Nxa4 Nxa4 17. Ne2 b5 18. cxb5 (18. Nc3 $14) 18... Qxb5 $11 19. Nc3 Qc5 {[%emt 0:10:31] [#] aiming for ...Rb8.} 20. Kb1 Nxc3+ 21. Qxc3 Qxc3 {[%emt 0:01:48] Weighted Error Value: White=0.13 (very precise) /Black=0.07 (flawless)} 1/2-1/2